 Dungeon Crawl Stone Soup version 0.26-a0-962-g9b92081034 (webtiles) character file.

Game seed: 9404158812722171757

1111760 Ijustatesigmund the Octopoid Aeon (level 27, -19/194 HPs)
             Began as an Octopode Fighter on Nov 27, 2020.
             Was the Champion of Cheibriados.
             Killed from afar by a Hell Sentinel (20 damage)
             ... with damnation
             ... in Pandemonium on Dec 2, 2020.
             The game lasted 07:02:47 (113142 turns).

Ijustatesigmund the Octopoid Aeon (OpFi)          Turns: 113142, Time: 07:02:49

Health: -19/194    AC: 16    Str: 26    XL:     27
Magic:  0/50       EV: 40    Int: 28    God:    Cheibriados [******]
Gold:   12980      SH: 28    Dex: 34    Spells: 15/63 levels left

rFire    + + +     SeeInvis +   a - +9 broad axe (vamp)
rCold    + + .     Faith    .   b - +5 kite shield {AC+3}
rNeg     + + .     Spirit   +   O - +2 hat of the Bear Spirit {Spirit, +Rage rN+ MR++}
rPois    +         Reflect  +   t - amulet of reflection
rElec    +         Harm     .   c - +4 ring of evasion
rCorr    .         Rampage  .   d - +4 ring of slaying
MR       ++++.     Rnd*Rage +   B - ring of the Snail {rElec rF+ SInv}
Stlth    +++++++++.             F - ring of Wishful Thinking {rC+ MP+9 Dex+3 Slay+2}
HPRegen  0.00/turn              v - ring of positive energy
MPRegen  0.32/turn              Q - +4 ring of protection
                                U - +4 ring of protection
                                I - ring of Fatigue {rPois rC+ SInv}

@: very slow
A: almost no armour, stealthy swim, amphibious, 8 rings, constrict 8, yellow
scales 1, camouflage 1, berserk 1, blurry vision 1, clumsy 1, dopey 2, fire
resistance 2, frail 1, low mp 1, screaming 1, inhibited regeneration, weak 2,
wild magic 1, gelatinous body 1
}: 7/15 runes: barnacled, slimy, silver, obsidian, abyssal, magical, gossamer
a: Bend Time, Temporal Distortion, Slouch, Step From Time, Renounce Religion,
Evoke Berserk Rage


You were in Pandemonium.
You worshipped Cheibriados.
Cheibriados was exalted by your worship.
You visited 15 branches of the dungeon, and saw 73 of its levels.
You visited Pandemonium 1 time, and saw 15 of its levels.
You visited the Abyss 1 time.
You visited 1 bazaar.
You visited 1 ziggurat, and saw 12 of its levels.
You also visited: Trove and Sewer.

You collected 13789 gold pieces.
You spent 809 gold pieces at shops.

Inventory:

Hand Weapons
 a - a +9 vampiric broad axe (weapon)
 T - a +7 broad axe of flaming
Missiles
 n - 38 silver javelins (quivered)
Armour
 b - a +5 kite shield of protection (worn)
 q - a +8 tower shield of reflection
 O - the +2 hat of the Bear Spirit (worn) {Spirit, +Rage rN+ MR++}
   (You found it on level 4 of the Lair of Beasts)

   It protects you from negative energy.
   It affects your resistance to hostile enchantments.
   It lets you go berserk.
Jewellery
 c - a +4 ring of evasion (left tentacle)
 d - a +4 ring of slaying (right tentacle)
 k - a +4 ring of evasion
 p - an uncursed ring of wizardry
 t - an amulet of reflection (around mantle)
 v - a ring of positive energy (on tentacle)
 w - an uncursed ring of resist corrosion
 B - the ring of the Snail (on tentacle) {rElec rF+ SInv}
   (You took it off a deep elf death mage on level 3 of the Elven Halls)

   [ring of protection from fire]

   It protects you from fire.
   It insulates you from electricity.
   It lets you see invisible.
 F - the ring of Wishful Thinking (on tentacle) {rC+ MP+9 Dex+3 Slay+2}
   (You found it on level 2 of the Realm of Zot)

   [ring of protection from cold]

   It affects your dexterity (+3).
   It affects your accuracy and damage with ranged weapons and melee attacks
   (+2).
   It protects you from cold.
   It affects your magic capacity (+9).
 I - the ring of Fatigue (on tentacle) {rPois rC+ SInv}
   (You took it off a spriggan air mage on level 3 of the Depths)

   [ring of protection from cold]

   It protects you from cold.
   It protects you from poison.
   It lets you see invisible.
 M - the ring of Moral Flaws {rElec rC+ rN+ Str-4}
   (You found it on level 2 of the Realm of Zot)

   [ring of strength]

   It affects your strength (-4).
   It protects you from cold.
   It insulates you from electricity.
   It protects you from negative energy.
 Q - a +4 ring of protection (on tentacle)
 U - a +4 ring of protection (on tentacle)
 V - a +4 ring of protection
Wands
 D - a wand of digging (21)
 E - a wand of polymorph (49)
 K - a wand of enslavement (31)
 S - a wand of acid (27)
 Z - a wand of iceblast (27)
Scrolls
 e - 12 scrolls of teleportation
 g - 3 scrolls of silence
 h - a scroll of brand weapon
 s - 46 scrolls of remove curse
 A - 7 scrolls of holy word
 H - 19 scrolls of identify
 L - 9 scrolls of immolation
 N - 3 scrolls of magic mapping
 P - 2 scrolls of fog
 W - 4 scrolls of amnesia
 X - 9 scrolls of fear
 Y - 4 scrolls of summoning
Potions
 f - 3 potions of magic
 i - a potion of cancellation
 j - 6 potions of might
 l - 17 potions of curing
 m - 17 potions of flight
 o - 8 potions of lignification
 r - 2 potions of ambrosia
 u - 10 potions of brilliance
 x - 14 potions of mutation
 y - 2 potions of invisibility
 J - 6 potions of resistance
Miscellaneous
 C - a phantom mirror
 G - a phantom mirror
 R - a condenser vane


   Skills:
 - Level 24.4 Fighting
 - Level 22.3 Axes
 - Level 14.9 Throwing
 - Level 19.2 Dodging
 - Level 21.0 Stealth
 + Level 19.9 Shields
 - Level 18.6 Spellcasting
 + Level 23.9 Conjurations
 - Level 15.9 Necromancy
 - Level 7.9 Translocations
 + Level 23.9 Fire Magic
 - Level 8.1 Ice Magic
 - Level 10.4 Air Magic
 O Level 27 Invocations
 - Level 14.5 Evocations


You had 15 spell levels left.
You knew the following spells:

 Your Spells              Type           Power        Failure   Level
a - Blink                 Tloc           N/A          1%          2
b - Lesser Beckoning      Tloc           #######...   1%          3
c - Teleport Other        Tloc           #######.     1%          3
d - Passage of Golubria   Tloc           N/A          1%          4
e - Ozocubu's Armour      Ice            #######.     1%          3
f - Ignition              Fire           ########..   1%          8
g - Fire Storm            Conj/Fire      ########..   13%         9
h - Freezing Cloud        Conj/Ice/Air   #######...   1%          6
i - Absolute Zero         Ice            #######...   100%        9
j - Apportation           Tloc           ######       1%          1

Your spell library contained the following spells:

 Spells                   Type           Power        Failure   Level
 Animate Skeleton         Necr           ######       1%          1
 Foxfire                  Conj/Fire      ####         1%          1
 Freeze                   Ice            ####         1%          1
 Magic Dart               Conj           ####         1%          1
 Pain                     Necr           ####         1%          1
 Shock                    Conj/Air       ####         1%          1
 Corpse Rot               Necr/Air       N/A          1%          2
 Ensorcelled Hibernation  Hex/Ice        ######       1%          2
 Poisonous Vapours        Pois/Air       ######       1%          2
 Swiftness                Air            #######.     1%          2
 Conjure Flame            Conj/Fire      ########     1%          3
 Dazzling Flash           Conj/Hex       ######       1%          3
 Frozen Ramparts          Ice            ######       1%          3
 Gell's Gravitas          Tloc           #######...   1%          3
 Ignite Poison            Fire/Tmut/Pois #######.     1%          3
 Inner Flame              Hex/Fire       #######.     1%          3
 Mephitic Cloud           Conj/Pois/Air  #######.     1%          3
 Static Discharge         Conj/Air       ########     1%          3
 Stone Arrow              Conj/Erth      ######       1%          3
 Vampiric Draining        Necr           ########..   1%          3
 Airstrike                Air            #######...   1%          4
 Animate Dead             Necr           ########..   1%          4
 Dispel Undead            Necr           ########     1%          4
 Fulminant Prism          Conj/Hex       #######...   1%          4
 Hailstorm                Conj/Ice       ########     1%          4
 Sticky Flame             Conj/Fire      ########     1%          4
 Agony                    Necr           ########     1%          5
 Bolt of Magma            Conj/Fire/Erth ########..   1%          5
 Excruciating Wounds      Necr           ########..   1%          5
 Fireball                 Conj/Fire      ########..   1%          5
 Irradiate                Conj/Tmut      #######...   1%          5
 Lightning Bolt           Conj/Air       ########..   1%          5
 Conjure Ball Lightning   Conj/Air       ########..   1%          6
 Death Channel            Necr           ########..   1%          6
 Starburst                Conj/Fire      ########..   1%          6
 Orb of Destruction       Conj           ########..   1%          7
 Portal Projectile        Hex/Tloc       ######       2%          3
 Beastly Appendage        Tmut           ####..       3%          1
 Corona                   Hex            ####...      3%          1
 Sandblast                Erth           ####..       3%          1
 Sting                    Tmut/Pois      ####         3%          1
 Summon Small Mammal      Summ           ####         3%          1
 Summon Lightning Spire   Summ/Air       ######..     3%          4
 Borgnjor's Vile Clutch   Necr/Erth      #######...   3%          5
 Simulacrum               Ice/Necr       #######...   3%          6
 Passwall                 Tmut/Erth      ####....     4%          2
 Wereblood                Tmut           ####....     4%          2
 Ice Form                 Ice/Tmut       ######..     5%          4
 Summon Ice Beast         Ice/Summ       ######..     5%          4
 Call Canine Familiar     Summ           ####....     8%          3
 Confusing Touch          Hex            ####....     8%          3
 Spider Form              Tmut/Pois      ####......   8%          3
 Summon Guardian Golem    Hex/Summ       ####....     8%          3
 Silence                  Hex/Air        ######....   9%          5
 Metabolic Englaciation   Hex/Ice        ######....   13%         5
 Summon Forest            Summ/Tloc      ######....   13%         5
 Ozocubu's Refrigeration  Ice            #######...   13%         6
 Dispersal                Tloc           #######...   14%         6
 Chain Lightning          Conj/Air       ########..   14%         8
 Spellforged Servitor     Conj/Summ      #######...   16%         7
 Cause Fear               Hex            ####......   24%         4
 Leda's Liquefaction      Hex/Erth       ####......   24%         4
 Olgreb's Toxic Radiance  Pois           ####....     24%         4
 Petrify                  Tmut/Erth      ####....     24%         4
 Blade Hands              Tmut           ####......   52%         5
 Lee's Rapid Deconstruct  Erth           ####......   52%         5
 Yara's Violent Unravell  Hex/Tmut       ####......   52%         5
 Lehudib's Crystal Spear  Conj/Erth      #######...   71%         8
 Hydra Form               Tmut           ####......   97%         6
 Invisibility             Hex            ####....     97%         6
 Shadow Creatures         Summ           N/A          97%         6
 Statue Form              Tmut/Erth      ####.....    97%         6
 Malign Gateway           Summ/Tloc      ######....   97%         7
 Disjunction              Tloc           #######...   99%         8
 Dragon Form              Tmut           ####......   100%        7
 Summon Hydra             Summ           ####......   100%        7
 Discord                  Hex            ####......   100%        8
 Summon Horrible Things   Summ           ####......   100%        8
 Dragon's Call            Summ           ####......   100%        9
 Tornado                  Air            #######...   100%        9


Dungeon Overview and Level Annotations

Branches:
Dungeon (15/15)            Temple (1/1) D:6            Lair (6/6) D:8
 Shoals (4/4) Lair:4       Spider (4/4) Lair:2        Slime (5/5) Lair:6
    Orc (2/2) D:12            Elf (3/3) Orc:2        Vaults (5/5) D:14
  Crypt (3/3) Vaults:3       Tomb (0/3) Crypt:3      Depths (5/5) D:15
   Hell (visited)             Dis (0/7) Hell            Geh (7/7) Hell
    Coc (7/7) Hell            Tar (0/7) Hell            Zot (5/5) Depths:5
  Sewer (visited)

Altars:
Ashenzari
Cheibriados
Dithmenos
Elyvilon
Fedhas
Gozag
Hepliaklqana
Kikubaaqudgha
Makhleb
Nemelex Xobeh
Okawaru
Qazlal
Ru
Sif Muna
Trog
Uskayaw
Vehumet
Wu Jian
Xom
Yredelemnul
Zin
The Shining One
Beogh
Lugonu

Shops:
D:3 *   D:11 :(   Orc:2 [*(:   Elf:2 [   Elf:3 :*   Shoals:1 (   Vaults:1 :
Vaults:2 :   Depths:3 ([[   Depths:4 }=}

Portals:
Hell: Depths:1 Depths:2 Depths:3 Depths:4 Depths:5
Abyss: Depths:1 Depths:4 Depths:5
Pandemonium: Depths:2 Depths:3

Annotations:
D:6 2 transporters
Coc:7 Antaeus


Innate Abilities, Weirdness & Mutations

You cannot wear most types of armour.
You are very stealthy in the water. (Stealth+)
You are amphibious.
You can wear up to eight rings at the same time.
You can use your tentacles to constrict eight enemies at once.
Your skin changes colour to match your surroundings (Stealth+).
Your rubbery body absorbs attacks. (AC +1, EV +1)
You are partially covered in yellow scales. (AC +2)
You tend to lose your temper in combat.
Scrolls take you a little longer to read.
You are clumsy. (Dex -2)
You are very dopey. (Int -4)
Your flesh is very heat resistant. (rF++)
You are frail. (-10% HP)
Your magical capacity is low. (-10% MP)
You occasionally shout uncontrollably at your foes.
You do not regenerate when monsters are visible.
You are very weak. (Str -4)
Your spells are a little harder to cast, but a little more powerful.


Message History

You kill the sun demon!
Cheibriados appreciates the change of pace.
A red devil comes into view.
It is wielding a +1 trident of freezing.
You hit the Hell Sentinel but do no damage.
A green death comes into view.
The Hell Sentinel gestures at you.
The sphere of damnation explodes!
The damnation engulfs you!!!
* * * LOW HITPOINT WARNING * * *
The damnation engulfs the Hell Sentinel.
The Hell Sentinel completely resists.
You hear a shout!
You barely miss the Hell Sentinel.
You squeeze the Hell Sentinel, but do no damage.
You slash the Hell Sentinel!
You squeeze the Hell Sentinel, but do no damage.
The Hell Sentinel is lightly wounded.
The red devil completely misses you. The Hell Sentinel gestures at you.
The sphere of damnation explodes!
The damnation engulfs you!!
You die...

######.ยง.#
#.######.
##..#
##........
#'##
#...........
#.#
#.##........
#.# #
#########
#.# # #.
##.# #
.##''##..# #
....241@## #
##....### #
#### . . .
...... ..#
......##..#
...........


You could see a Hell Sentinel, a green death and a red devil.

Vanquished Creatures
  Asmodeus (Geh:7)
  the Royal Jelly (Slime:5)
  2 orbs of fire
  2 ancient liches
  Mennas (Crypt:2)
  A juggernaut (Zig:2)
  2 pandemonium lords (Pan)
  Sojobo (Crypt:2)
  Saint Roka (Depths:5)
  2 Killer Klowns
  40 shard shrikes
  Bai Suzhen (Depths:2)
  3 curse toes (Zot:5)
  5 caustic shrikes (Depths:5)
  12 golden dragons
  Geryon (Hell)
  Arachne (Spider:3)
  12 bone dragons
  3 electric golems
  2 Tzitzimimeh (Pan)
  84 Brimstone Fiends
  4 Hell Sentinels (Pan)
  A hellephant (Zig:9)
  22 tentacled monstrosities
  39 Ice Fiends
  5 quicksilver dragons
  2 deep elf blademasters (Elf:3)
  Rupert (Lair:2)
  10 liches
  2 deep elf master archers (Elf:3)
  20 acid blobs
  17 tentacled starspawn
  3 titans
  A kraken (Abyss:1)
  14 Executioners (Pan)
  7 death cobs
  4 ancient champions
  8 sphinxes
  A shadow dragon (shapeshifter) (Vaults:5)
  16 shadow dragons
  15 storm dragons
  27 fire giants
  13 draconian monks
  2 revenants (Crypt:2)
  15 tengu reavers
  4 draconian scorchers
  42 balrugs
  A daeva (Zig:6)
  8 deep elf sorcerers
  16 azure jellies
  Ilsuiw (Shoals:2)
  17 frost giants
  13 vault wardens
  6 draconian knights
  6 iron dragons
  A caustic shrike zombie (Zig:10)
  10 ghost moths
  Louise (Spider:1)
  9 cacodemons
  2 warmongers (Pan)
  7 draconian stormcallers
  2 orc warlords
  2 curse skulls
  3 emperor scorpions (Spider:4)
  10 ghouls
  5 deep elf elementalists
  The ghost of Feqidgh the Severer, a journeyman DDFi of Makhleb (Shoals:2)
  12 ironheart preservers
  An angel (Abyss:1)
  17 draconian shifters
  A juggernaut zombie (Zig:10)
  8 war gargoyles
  12 draconian annihilators
  3 blood saints (Pan)
  33 very ugly things
  19 stone giants
  5 elemental wellsprings
  60 reapers
  13 green draconians
  6 entropy weavers
  A corrupter (Pan)
  Nessos (D:14)
  10 deep elf demonologists
  8 vampire knights
  Azrael (D:14)
  13 black draconians
  11 purple draconians
  5 lorocyprocas
  7 deep elf annihilators
  22 red draconians
  10 yellow draconians
  5 black suns (Pan)
  A bunyip (shapeshifter) (Depths:4)
  20 white draconians
  2 dire elephants
  10 spark wasps
  6 eidola
  20 green deaths
  15 merfolk impalers
  14 deep elf death magi
  18 death oozes
  48 blizzard demons
  13 ettins
  4 crystal guardians
  8 jiangshi
  11 quicksilver dragon zombies
  6 merfolk javelineers
  7 deep elf high priests
  19 fire dragons
  5 kraken zombies
  11 yaktaur captains
  22 great orbs of eyes
  37 ice dragons
  A naga warrior (Abyss:2)
  29 vault guards
  Harold (Lair:1)
  A monstrous demonspawn (Pan)
  7 boulder beetles
  A hell beast (Pan)
  15 ogre magi
  11 rakshasas
  4 catoblepae
  10 hydras
  4 spriggan air magi
  11 quicksilver dragon skeletons
  3 death knights
  A juggernaut simulacrum (Pan)
  9 centaur warriors
  6 deep troll shamans
  6 merfolk aquamancers (Shoals:4)
  A satyr (shapeshifter) (Vaults:4)
  6 merfolk avatars
  54 two-headed ogres
  10 deep troll earth magi
  6 death yaks (Lair:6)
  4 thrashing horrors
  A death yak (shapeshifter) (Vaults:4)
  A queen ant (Lair:3)
  4 satyrs
  2 spriggan berserkers
  78 hell hogs
  Urug (D:14)
  31 dancing weapons
  6 vampire magi
  4 orc high priests
  11 titan zombies
  81 sun demons
  24 deep elf knights
  4 iron golems
  21 soul eaters
  10 storm dragon zombies
  13 titan skeletons
  4 shadow wraiths
  An iron troll (Depths:1)
  15 wretched stars
  A fire crab (Zig:3)
  A quicksilver dragon simulacrum (Coc:7)
  4 spatial maelstroms
  12 storm dragon skeletons
  2 salamander mystics (Depths:1)
  20 anaconda zombies
  17 sixfirhies
  114 hell knights
  128 skeletal warriors
  9 infernal demonspawn (Pan)
  3 orange crystal statues
  10 sea snakes
  10 glowing orange brains
  4 gelid demonspawn (Pan)
  3 unseen horrors
  28 deep trolls
  5 shadow demons (Pan)
  5 torturous demonspawn
  A spark wasp zombie (Crypt:2)
  3 ghost moth zombies
  7 golden dragon zombies
  2 unseen horrors (shapeshifter)
  7 wizards
  23 flayed ghosts
  A spriggan druid (Zig:9)
  11 shadow dragon zombies
  18 orc knights
  14 anaconda skeletons
  14 deep elf archers
  An obsidian statue (Zig:3)
  11 bog bodies (Coc:7)
  A lindwurm (Zig:9)
  19 phantasmal warriors
  13 ironbrand convokers
  21 harpies
  A harpy (shapeshifter) (Vaults:2)
  45 necromancers
  6 wolf spider zombies
  11 iron dragon zombies
  An oklob plant (Lair:3)
  A sphinx zombie (Zig:10)
  16 stone giant zombies
  7 golden dragon skeletons
  A sphinx skeleton (Depths:4)
  30 ugly things
  A salamander (shapeshifter) (Vaults:2)
  36 wolf spiders
  3 worldbinders (Abyss:3)
  23 orb spiders
  54 deep elf magi
  8 cyclopes
  17 fire giant zombies
  12 fauns
  7 orc sorcerers
  5 shining eyes
  16 frost giant zombies
  A mana viper (shapeshifter) (Vaults:1)
  13 shadow dragon skeletons
  14 iron dragon skeletons
  5 merfolk sirens
  7 salamanders
  23 moths of wrath
  24 manticores
  14 fire giant skeletons
  15 frost giant skeletons
  16 elephants
  2 titan simulacra
  11 stone giant skeletons
  10 dire elephant zombies
  2 apocalypse crabs
  11 rust devils
  17 vault sentinels
  Joseph (D:8)
  A guardian serpent (Abyss:2)
  8 torpor snails
  10 molten gargoyles (Geh:7)
  Maggie (D:9)
  20 orange demons
  53 smoke demons
  7 black mambas
  5 ice statues
  3 water nymphs
  8 centaur skeletons
  2 storm dragon simulacra
  13 cane toads
  7 eyes of devastation
  7 catoblepas zombies
  4 shock serpent skeletons
  5 kobold demonologists
  10 dire elephant skeletons
  18 efreet
  21 small abominations
  2 komodo dragons (shapeshifter)
  81 freezing wraiths
  3 emperor scorpion zombies
  6 rime drakes
  60 hellions
  32 hellwings
  56 tormentors
  4 catoblepas skeletons
  13 demonic crawlers
  A ghost moth simulacrum (Coc:4)
  39 yaktaurs
  2 golden dragon simulacra
  81 red devils
  3 tengu conjurers
  An anaconda simulacrum (Hell)
  58 ice devils
  8 komodo dragons
  A guardian mummy (D:15)
  27 hydra zombies
  2 jumping spiders (shapeshifter)
  5 spriggan skeletons
  5 ancient zymes
  28 jumping spiders
  5 harpy zombies
  A troll (shapeshifter) (Vaults:2)
  3 meliai (D:15)
  A hornet (shapeshifter) (Depths:4)
  27 merfolk
  A polar bear (shapeshifter) (Depths:4)
  A queen bee (Spider:1)
  2 meliai (shapeshifter) (Vaults:4)
  7 trolls
  2 wolf spider simulacra
  A shadow dragon simulacrum (Hell)
  6 polar bears
  3 wind drakes (Shoals:4)
  2 sphinx simulacra (Depths:4)
  8 hornets
  20 hydra skeletons
  15 raiju
  10 fire dragon zombies
  5 harpy skeletons
  16 alligator zombies
  16 dream sheep
  11 snapping turtles
  A tyrant leech (shapeshifter) (Vaults:5)
  A death drake skeleton (Crypt:2)
  11 ice dragon zombies
  4 spriggan zombies
  A dream sheep (shapeshifter) (Depths:4)
  An iron dragon simulacrum (Coc:7)
  111 slime creatures
  16 ettin zombies
  A frost giant simulacrum (Coc:4)
  29 blink frogs
  3 stone giant simulacra
  194 flying skulls
  17 ettin skeletons
  10 ice dragon skeletons
  A shock serpent simulacrum (Coc:4)
  13 fire dragon skeletons
  A fire giant simulacrum (Coc:6)
  22 water elementals
  Sigmund (D:2)
  40 tarantellas
  9 alligator skeletons
  12 ynoxinuls
  3 black mamba zombies
  37 shadows
  59 wraiths
  62 yaks
  Eustachio (D:6)
  4 wyverns
  86 redbacks
  An air elemental (Elf:1)
  A basilisk (shapeshifter) (Elf:3)
  16 humans (D:14)
  4 basilisks
  66 fire elementals
  16 golden eyes
  8 vampire mosquitoes
  7 black mamba skeletons
  A catoblepas simulacrum (Coc:4)
  A steam dragon (D:11)
  4 fire bats (Geh:3)
  8 spatial vortices
  Edmund (D:6)
  33 large abominations
  15 neqoxecs
  10 chaos spawn
  A soldier ant (shapeshifter) (D:14)
  22 soldier ants
  A merfolk zombie (Hell)
  4 acid dragons
  A warg (shapeshifter) (Depths:2)
  5 wargs
  2 nagas (Abyss:2)
  19 water moccasins
  18 cane toad zombies
  6 hydra simulacra
  A torturous demonspawn skeleton (Crypt:2)
  A merfolk skeleton (Coc:7)
  2 monstrous demonspawn skeletons (Crypt:2)
  A water nymph skeleton (Crypt:2)
  3 floating eyes
  80 hell hounds
  An ettin simulacrum (Vaults:2)
  A floating eye (shapeshifter) (Depths:2)
  52 orc warriors
  Purgy (Sewer)
  24 ice beasts
  4 swamp dragon zombies
  7 manticore zombies
  15 snapping turtle zombies
  2 black bears
  5 cane toad skeletons
  12 phantoms
  21 necrophages
  4 sky beasts
  28 starcursed masses
  2 alligator simulacra
  A hornet zombie (D:9)
  5 eyes of draining
  A fire dragon simulacrum (Coc:6)
  9 snapping turtle skeletons
  2 elf skeletons
  10 boggarts
  29 centaurs
  6 wolves
  38 ogres
  2 swamp dragon skeletons
  5 manticore skeletons
  A torpor snail zombie (Crypt:1)
  6 big kobolds
  Blork the orc (D:9)
  5 elf zombies
  24 bullfrogs
  An octopode zombie (Crypt:1)
  A merfolk simulacrum (Coc:6)
  2 earth elementals (Elf:2)
  A glowing shapeshifter simulacrum (Vaults:3)
  4 cane toad simulacra
  A wyvern skeleton (D:12)
  A water moccasin zombie (D:11)
  2 scorpions
  A snapping turtle simulacrum (Coc:7)
  160 wights
  A raiju zombie (Crypt:1)
  9 killer bees (Spider:1)
  2 tengu skeletons
  18 electric eels
  3 troll skeletons
  5 howler monkeys
  20 crimson imps
  2 quasits
  2 bullfrog zombies
  6 centaur zombies
  An elf simulacrum (Abyss:2)
  8 jellies
  A human simulacrum (Vaults:1)
  4 bullfrog skeletons
  3 human zombies
  26 orc priests
  5 hounds
  8 iron imps
  6 iguanas
  Terence (D:2)
  A hell rat (Zig:3)
  2 human skeletons
  19 orc wizards
  28 worker ants
  3 naga zombies
  A tengu zombie (Geh:7)
  An ogre zombie (Coc:6)
  An ogre skeleton (Geh:3)
  A hound zombie (D:9)
  2 naga skeletons
  4 hound skeletons
  4 mummies
  A worker ant zombie (D:9)
  12 adders
  A river rat (D:5)
  A scorpion zombie (Crypt:1)
  A tengu simulacrum (Coc:1)
  2 shadow imps
  52 white imps
  11 ufetubi
  2 oozes (Slime:1)
  An adder skeleton (D:9)
  An adder zombie (Crypt:1)
  4 worms (Spider:1)
  5 ball lightnings (Pan)
  A dart slug (D:1)
  3 leopard geckos
  77 orcs
  5 ball pythons
  10 bats
  3 giant cockroaches
  4 goblins
  4 hobgoblins
  14 jackals
  16 kobolds
  8 quokkas
  7 frilled lizards
  A gnoll skeleton (Crypt:1)
  A jackal skeleton (D:7)
  4 kobold skeletons
  2 orc zombies
  14 rats
  A river rat skeleton (Crypt:2)
  2 bushes
  6 crawling corpses
  3 fire vortices (Pan)
  13 starspawn tentacles
  11 tentacles
5712 creatures vanquished.

Vanquished Creatures (collateral kills)
  A reaper (Pan)
  A monstrous demonspawn (Pan)
  A wizard (Pan)
3 creatures vanquished.

Vanquished Creatures (others)
  An ancient lich (Zot:5)
  Nikola (Elf:1)
  A storm dragon (Zot:5)
  A fire giant (Depths:4)
  2 balrugs
  2 draconian annihilators
  4 elemental wellsprings
  3 green deaths (Pan)
  A deep elf high priest (Elf:3)
  A merfolk impaler (Shoals:4)
  A quicksilver dragon skeleton (Geh:7)
  3 hell hogs
  A shadow wraith (Vaults:3)
  A hell knight (Geh:6)
  A golden dragon skeleton (Geh:5)
  2 stone giant skeletons (Geh:5)
  A large abomination (Elf:1)
  A molten gargoyle (Geh:7)
  A rust devil (Geh:6)
  A harpy zombie (Coc:2)
  A hydra zombie (Geh:7)
  An alligator zombie (Geh:5)
  A wraith (Geh:3)
  A shadow (Geh:2)
  A water moccasin (Zig:9)
  3 hell hounds
  A necrophage (Geh:4)
  An ogre (Vaults:5)
  A wight (Geh:3)
  A crimson imp (Coc:2)
  A tengu zombie (Geh:3)
  7 ball lightnings (Pan)
  An orc (Vaults:2)
  2 kobolds
  16 fire vortices (Pan)
  48 fungi
  195 plants
  29 starspawn tentacles
  27 tentacles
  4 withered plants (D:15)
372 creatures vanquished.

Grand Total: 6087 creatures vanquished

Notes
Turn   | Place    | Note
-------+----------+-------------------------------------------
     0 | D:1      | Ijustatesigmund the Octopode Fighter began the quest for
                  | the Orb.
     0 | D:1      | Reached XP level 1. HP: 16/16 MP: 1/1
   207 | D:1      | Reached XP level 2. HP: 21/21 MP: 2/2
   757 | D:2      | Found a faded altar of an unknown god.
   831 | D:2      | Reached XP level 3. HP: 26/26 MP: 3/3
  1151 | D:2      | Found a glowing silver altar of Zin.
  1267 | D:2      | Noticed Sigmund
  1299 | D:2      | Killed Sigmund
  1300 | D:2      | Reached XP level 4. HP: 33/33 MP: 4/4
  1300 | D:2      | Reached XP level 5. HP: 37/37 MP: 5/5
  1385 | D:2      | Noticed Terence
  1394 | D:2      | Killed Terence
  1395 | D:2      | Reached skill level 5 in Axes
  1395 | D:2      | Reached XP level 6. HP: 35/44 MP: 6/6
  1570 | D:3      | Found a burning altar of Makhleb.
  2006 | D:3      | Found Gozag's Platinum Reserve.
  2008 | D:3      | Found an opulent altar of Gozag.
  2720 | D:4      | Found a white marble altar of Elyvilon.
  2978 | D:4      | Reached XP level 7. HP: 39/49 MP: 7/7
  3318 | D:5      | Entered Level 5 of the Dungeon
  3377 | D:5      | Reached skill level 5 in Fighting
  3405 | D:5      | Found a glowing drain.
  3424 | Sewer    | Entered a sewer
  3642 | Sewer    | Noticed Purgy
  3670 | Sewer    | Killed Purgy
  3671 | Sewer    | Reached skill level 1 in Stealth
  3996 | D:5      | Reached XP level 8. HP: 56/56 MP: 8/8
  4569 | D:6      | Found a staircase to the Ecumenical Temple.
  4580 | Temple   | Entered the Ecumenical Temple
  4657 | Temple   | Became a worshipper of Cheibriados the Contemplative
  4978 | D:6      | Found a transporter.
  4988 | D:6      | Noticed Eustachio
  5002 | D:6      | Killed Eustachio
  5003 | D:6      | Reached skill level 1 in Invocations
  5004 | D:6      | Reached skill level 5 in Shields
  5052 | D:6      | Noticed Edmund
  5060 | D:6      | Killed Edmund
  5061 | D:6      | Reached skill level 5 in Dodging
  5131 | D:6      | Found a transporter.
  5262 | D:6      | Reached skill level 2 in Invocations
  5271 | D:6      | Reached XP level 9. HP: 62/62 MP: 10/10
  5754 | D:7      | Reached * piety under Cheibriados
  5825 | D:7      | Reached skill level 3 in Invocations
  5825 | D:7      | Found a blossoming altar of Fedhas.
  6207 | D:7      | Found a glowing golden altar of the Shining One.
  6289 | D:8      | Reached ** piety under Cheibriados
  6337 | D:8      | Found an iron altar of Okawaru.
  6389 | D:8      | Found a staircase to the Lair.
  6390 | D:8      | Reached skill level 4 in Invocations
  6614 | D:8      | Reached XP level 10. HP: 70/71 MP: 13/13
  6618 | D:8      | Reached skill level 5 in Invocations
  6898 | D:8      | Noticed Joseph
  6906 | D:8      | Killed Joseph
  7027 | D:9      | Found a white marble altar of Elyvilon.
  7245 | D:8      | Noticed a two-headed ogre
  7255 | D:8      | Killed a two-headed ogre
  7256 | D:8      | Reached skill level 6 in Invocations
  7880 | D:8      | Reached *** piety under Cheibriados
  8506 | D:9      | Noticed Maggie
  8514 | D:9      | Killed Maggie
  8579 | D:9      | Reached XP level 11. HP: 78/78 MP: 16/16
  8716 | D:9      | Noticed Blork the orc
  8722 | D:9      | Found a shimmering blue altar of Sif Muna.
  8724 | D:9      | Killed Blork the orc
  8753 | D:9      | Reached skill level 7 in Invocations
  8990 | D:9      | Identified a scroll of acquirement
  8990 | D:9      | Acquired a manual of Dodging
  9081 | D:10     | Entered Level 10 of the Dungeon
  9081 | D:10     | Noticed a two-headed ogre
  9091 | D:9      | Reached **** piety under Cheibriados
  9093 | D:9      | Killed a two-headed ogre
  9362 | D:10     | Reached skill level 10 in Dodging
  9708 | D:11     | Found Eluj's Book Shoppe.
  9738 | D:11     | Found a frozen archway.
  9744 | D:11     | Reached ***** piety under Cheibriados
 10308 | D:11     | Found Xotod's Weapon Shoppe.
 10317 | D:11     | Noticed a red ugly thing
 10328 | D:11     | Killed a red ugly thing
 10471 | D:11     | Noticed a boulder beetle
 10490 | D:11     | Noticed a boulder beetle
 10491 | D:11     | Killed a boulder beetle
 10507 | D:11     | Reached XP level 12. HP: 84/84 MP: 17/17
 10517 | D:11     | Killed a boulder beetle
 10563 | D:11     | Learned a level 2 spell: Blink
 10567 | D:11     | Learned a level 3 spell: Lesser Beckoning
 10603 | D:11     | Noticed a boulder beetle
 10640 | D:11     | Killed a boulder beetle
 10641 | D:11     | Reached skill level 1 in Translocations
 10908 | D:12     | Noticed a boulder beetle
 10918 | D:12     | Killed a boulder beetle
 10991 | D:12     | Noticed a death knight
 11005 | D:12     | Killed a death knight
 11343 | D:12     | Found a staircase to the Orcish Mines.
 11506 | D:12     | Reached ****** piety under Cheibriados
 11543 | D:12     | Reached skill level 5 in Translocations
 11567 | D:12     | Reached skill level 15 in Dodging
 11644 | D:12     | Noticed a six-headed hydra
 11779 | D:12     | Killed a six-headed hydra
 12433 | D:13     | Reached XP level 13. HP: 90/90 MP: 18/18
 12944 | D:13     | Reached skill level 8 in Invocations
 13635 | D:14     | You fall into a shaft and drop 1 floor!
 13635 | D:15     | Entered Level 15 of the Dungeon
 13639 | D:15     | Found the +9 scales of the Dragon King {rPois rF+ rC+ MR+}
 13643 | D:15     | Reached skill level 10 in Axes
 13872 | D:14     | Noticed Urug
 13964 | D:14     | Killed Urug
 13965 | D:14     | Reached skill level 10 in Fighting
 13995 | D:14     | Noticed Nessos
 14000 | D:14     | Killed Nessos
 14001 | D:14     | Reached skill level 9 in Invocations
 14001 | D:14     | Noticed Azrael
 14013 | D:14     | Killed Azrael
 14455 | D:14     | Found a portal to a secret trove of treasure.
 14609 | D:14     | Reached XP level 14. HP: 90/99 MP: 21/21
 14701 | D:14     | Found a gate to the Vaults.
 15080 | D:15     | Found a staircase to the Depths.
 15088 | D:14     | Reached skill level 10 in Invocations
 16700 | D:15     | Gained mutation: You evolve. [potion of mutation]
 16700 | D:15     | Gained mutation: You are partially covered in yellow
                  | scales. (AC +2) [potion of mutation]
 16700 | D:15     | Gained mutation: You are dopey. (Int -2) [potion of
                  | mutation]
 16700 | D:15     | Gained mutation: Your flesh is heat resistant. (rF+)
                  | [potion of mutation]
 16802 | Lair:1   | Entered Level 1 of the Lair of Beasts
 17369 | Lair:1   | Reached skill level 11 in Invocations
 17408 | Lair:1   | Noticed Harold
 17418 | Lair:1   | Killed Harold
 18483 | Lair:2   | Found a hole to the Spider Nest.
 18586 | Lair:3   | Reached skill level 1 in Evocations
 18630 | Lair:3   | Reached XP level 15. HP: 85/108 MP: 18/23
 19148 | Lair:3   | Reached skill level 5 in Stealth
 19547 | Lair:3   | Gained mutation: Your flesh is very heat resistant. (rF++)
                  | [evolution]
 19667 | Lair:3   | Reached skill level 10 in Shields
 19917 | Lair:4   | Found a sacrificial altar of Ru.
 20079 | Lair:4   | Found the +2 hat of the Bear Spirit {Spirit, +Rage rN+
                  | MR++}
 20296 | Lair:4   | Found a staircase to the Shoals.
 21440 | Lair:6   | Entered Level 6 of the Lair of Beasts
 21632 | Lair:6   | Found a staircase to the Slime Pits.
 21695 | Lair:6   | Reached skill level 12 in Invocations
 21770 | Lair:6   | Reached skill level 5 in Evocations
 21848 | Lair:6   | Learned a level 3 spell: Teleport Other
 22042 | Lair:6   | Reached XP level 16. HP: 113/116 MP: 25/25
 22077 | Lair:6   | Gained mutation: Your spells are a little harder to cast,
                  | but a little more powerful. [evolution]
 23037 | Orc:1    | Entered Level 1 of the Orcish Mines
 23466 | Orc:1    | Found a bloodstained altar of Trog.
 23542 | Orc:2    | Entered Level 2 of the Orcish Mines
 23905 | Orc:2    | Found Itiata Puna's Antique Weapon Boutique.
 24039 | Orc:2    | Found Exyrynae's Antique Armour Shop.
 24058 | Orc:2    | Found Doafom's General Store.
 24085 | Orc:2    | Bought a scroll of holy word for 120 gold pieces
 24085 | Orc:2    | Bought a +0 broad axe of electrocution for 192 gold pieces
 24232 | Orc:2    | Found Aruguph's Book Shoppe.
 24486 | Orc:2    | Found a staircase to the Elven Halls.
 24568 | Orc:2    | Bought a scroll of fear for 56 gold pieces
 24731 | D:14     | You paid a toll of 6 scrolls of fear to enter a treasure
                  | trove
 24732 | Trove    | Entered a treasure trove
 24755 | Trove    | Acquired a +7 vampiric broad axe
 24776 | Trove    | Got a scorched gossamer ring
 24780 | Trove    | Identified the ring "Huzats" {MR+ Str+5 Int+2 Dex-5 Stlth+}
                  | (You found it in a treasure trove)
 24801 | Trove    | Identified Sif Muna's Tome of Transmutation and Conjuration
 24803 | Trove    | Identified Posiyjez's Almanac of Entrancing Summoning
 24911 | Depths:1 | Entered Level 1 of the Depths
 24991 | Depths:1 | Gained mutation: Scrolls take you a little longer to read.
                  | [evolution]
 24991 | Depths:1 | Lost mutation: You evolve. [end of evolution]
 25287 | Depths:1 | Reached skill level 10 in Evocations
 25592 | Depths:1 | Found a gateway to Hell.
 26028 | Depths:1 | Reached XP level 17. HP: 121/121 MP: 26/26
 26299 | Depths:1 | Found a one-way gate to the infinite horrors of the Abyss.
 26381 | Depths:1 | Lost mutation: Your spells are a little harder to cast, but
                  | a little more powerful. [potion of mutation]
 26381 | Depths:1 | Lost mutation: Scrolls take you a little longer to read.
                  | [potion of mutation]
 26381 | Depths:1 | Gained mutation: You are very dopey. (Int -4) [potion of
                  | mutation]
 26381 | Depths:1 | Gained mutation: You have a pair of small antennae on your
                  | head. [potion of mutation]
 26572 | Shoals:1 | Entered Level 1 of the Shoals
 26572 | Shoals:1 | Found Ciklie Jeos's Antique Weapon Shop.
 27121 | Shoals:1 | Reached skill level 10 in Stealth
 27434 | Shoals:2 | Reached skill level 13 in Invocations
 27489 | Shoals:2 | Noticed Ilsuiw
 27707 | Shoals:2 | Noticed Feqidgh's ghost (journeyman DDFi)
 27713 | Shoals:2 | Found a transporter.
 28093 | Shoals:2 | Killed Ilsuiw
 28220 | Shoals:2 | Found a transporter.
 28242 | Shoals:2 | Reached skill level 1 in Throwing
 28258 | Shoals:2 | Killed Feqidgh's ghost
 28303 | Shoals:2 | Got a bound lead ring
 28324 | Shoals:2 | Identified the ring "Gaomod" {*Drain +Fly rN+ Dex+4 Stlth-}
                  | (You found it on level 2 of the Shoals)
 29597 | Shoals:4 | Entered Level 4 of the Shoals
 29823 | Shoals:4 | Identified Qoboh's Collected Works on Entrancing Stones
 29922 | Shoals:4 | Reached XP level 18. HP: 129/129 MP: 28/28
 29954 | Shoals:4 | Reached skill level 14 in Invocations
 29967 | Shoals:4 | Identified the cursed +1 battleaxe of the Howling Gnat
                  | {vorpal, Stlth+}
 30078 | Shoals:4 | Reached skill level 5 in Throwing
 30749 | Shoals:4 | Got a barnacled rune of Zot
 30974 | Shoals:4 | Identified the +3 lajatang "Wileonk" {holy, rPois rC- MR+}
 31258 | Shoals:4 | Found the +2 cloak of the Thief {*Fog Slay-2 SInv Stlth+}
 31602 | Vaults:1 | Entered Level 1 of the Vaults
 31603 | Vaults:1 | Upgraded the game from 0.26-a0-937-g67df3f2acb to
                  | 0.26-a0-958-gf3041fb45f
 31764 | Vaults:1 | Found a shimmering altar of Xom.
 32311 | Vaults:1 | Reached skill level 15 in Invocations
 32400 | Vaults:1 | Found Rikuoddelu's Book Shoppe.
 32524 | Vaults:1 | Reached XP level 19. HP: 136/136 MP: 14/30
 33131 | Vaults:2 | Found Otaw's Book Emporium.
 34976 | Vaults:3 | Reached skill level 16 in Invocations
 34982 | Vaults:3 | Reached skill level 15 in Axes
 35238 | Vaults:3 | Reached skill level 15 in Fighting
 35238 | Vaults:3 | Reached XP level 20. HP: 145/145 MP: 18/32
 35807 | Vaults:3 | Found a staircase to the Crypt.
 36369 | Vaults:4 | Reached skill level 17 in Invocations
 36999 | Vaults:4 | Reached XP level 21. HP: 153/153 MP: 33/33
 37488 | Vaults:4 | Identified the +11 war axe of Valour {vorpal, +Inv rF+
                  | Str+6} (You found it on level 4 of the Vaults)
 38068 | Elf:1    | Entered Level 1 of the Elven Halls
 38413 | Elf:1    | Noticed Nikola
 38431 | Elf:1    | Killed Nikola
 38585 | Elf:1    | Identified Ruuth's Handbook of Evil Magic
 39207 | Elf:2    | Found a roughly hewn altar of Beogh.
 39256 | Elf:2    | Reached skill level 18 in Invocations
 39329 | Elf:2    | Found Mehoda Zimpa's Armour Shop.
 39372 | Elf:2    | Found a huge runed translucent gate.
 39372 | Elf:2    | Found a huge runed translucent gate.
 39372 | Elf:2    | Found a huge runed translucent gate.
 39372 | Elf:2    | Found a huge runed translucent gate.
 39372 | Elf:2    | Found a huge runed translucent gate.
 40276 | Elf:3    | Entered Level 3 of the Elven Halls
 40286 | Elf:3    | Found Woed's Assorted Antiques.
 40291 | Elf:3    | Bought a runed onyx ring for 185 gold pieces
 40347 | Elf:3    | Identified Pywn's Grimoire of Combat Magic
 40782 | Elf:3    | Found Xiofep's Book Shoppe.
 40998 | Elf:3    | Reached XP level 22. HP: 152/163 MP: 32/35
 41407 | Elf:3    | Identified the +7 scimitar of the Bespelling Spider {drain,
                  | MR+}
 41439 | Elf:3    | Reached skill level 19 in Invocations
 41464 | Elf:3    | Identified the cursed +1 halberd of the Twisting Dragonfly
                  | {protect, rElec Int-2 Dex+6}
 41464 | Elf:3    | Identified the ring of the Snail {rElec rF+ SInv}
 41593 | Elf:3    | Acquired a +0 kite shield of protection
 41693 | Elf:3    | Identified Sif Muna's Grimoire of Hexes and Moulding
 41717 | Elf:3    | Identified Sif Muna's Almanac of Twisted Combat Magic
 41731 | Elf:3    | Learned a level 4 spell: Passage of Golubria
 41740 | Elf:3    | Identified the Catalogue of Doomed Intoxication
 42272 | Spider:1 | Entered Level 1 of the Spider Nest
 42288 | Spider:1 | Noticed Rupert
 42300 | Lair:2   | Killed Rupert
 42413 | Spider:1 | Reached skill level 1 in Spellcasting
 42679 | Spider:1 | Noticed Louise
 42692 | Spider:1 | Killed Louise
 44348 | Spider:3 | Noticed Arachne
 44370 | Spider:3 | Killed Arachne
 44748 | Spider:4 | Entered Level 4 of the Spider Nest
 44905 | Spider:4 | Reached XP level 23. HP: 171/171 MP: 0/36
 44937 | Spider:4 | Reached skill level 10 in Throwing
 45130 | Spider:4 | Got a gossamer rune of Zot
 46448 | Vaults:5 | Entered Level 5 of the Vaults
 46658 | Vaults:5 | Noticed a golden dragon
 46987 | Vaults:5 | Identified the ring of Efupput {Fire Str+5}
 47400 | Vaults:4 | Reached XP level 24. HP: 179/179 MP: 31/36
 47409 | Vaults:4 | Learned a level 3 spell: Ozocubu's Armour
 47540 | Vaults:5 | Reached skill level 1 in Ice Magic
 47625 | Vaults:5 | Reached skill level 20 in Invocations
 48617 | Vaults:5 | Identified the Catalogue of the Snowflakes
 48860 | Vaults:5 | Reached skill level 5 in Ice Magic
 48872 | Vaults:5 | Got a silver rune of Zot
 50495 | Depths:2 | Reached XP level 25. HP: 187/187 MP: 37/37
 50744 | Depths:2 | Noticed Bai Suzhen
 50755 | Depths:2 | Killed Bai Suzhen
 50992 | Depths:2 | Found a one-way gate leading to the halls of Pandemonium.
 51252 | Depths:3 | Found Duuckont's Weapon Emporium.
 51256 | Depths:3 | Found Deeqonta's Antique Armour Emporium.
 51417 | Depths:3 | Identified the ring of Fatigue {rPois rC+ SInv}
 51424 | Depths:3 | Reached skill level 21 in Invocations
 51567 | Depths:3 | Found Bayrr's Antique Armour Shoppe.
 51672 | Depths:3 | Found a gateway to a ziggurat.
 51739 | Depths:3 | Found the +8 Wrath of Trog {antimagic, *Rage}
 51952 | Depths:3 | Identified the Volume of the Volcanoes and Feathers
 52628 | Depths:4 | Reached skill level 15 in Stealth
 52917 | Depths:4 | Found a corrupted altar of Lugonu.
 53015 | Depths:4 | Reached XP level 26. HP: 186/196 MP: 34/37
 53681 | Depths:4 | Found a gateway to a bazaar.
 53690 | Bazaar   | Entered a bazaar
 53707 | Bazaar   | Found Forowoc's Antique Weapon Emporium.
 53718 | Bazaar   | Found Guloe's Antique Weapon Shoppe.
 53734 | Bazaar   | Found Qannaat's Antique Armour Emporium.
 53745 | Bazaar   | Found Wipumecsa's Antique Armour Shoppe.
 53768 | Bazaar   | Bought a polished buckler for 256 gold pieces
 53768 | Bazaar   | Identified the +0 buckler of Mezcal {rF+} (You bought it in
                  | a shop in a bazaar)
 54032 | Depths:4 | Found Fuixkysk's Gadget Emporium.
 54032 | Depths:4 | Found Rofri's Jewellery Boutique.
 54033 | Depths:4 | Found Huja's Gadget Emporium.
 54442 | Depths:4 | Identified the Grimoire of Warped Attacks
 54565 | Depths:5 | Entered Level 5 of the Depths
 54941 | Depths:5 | Reached skill level 22 in Invocations
 55042 | Depths:5 | Found a gate to the Realm of Zot.
 55159 | Depths:5 | Noticed Saint Roka
 55180 | Depths:5 | Killed Saint Roka
 55670 | Zig:1    | Entered Level 1 of a ziggurat
 55688 | Zig:2    | Entered Level 2 of a ziggurat
 55688 | Zig:2    | Noticed a juggernaut
 55708 | Zig:2    | Killed a juggernaut
 55716 | Zig:3    | Entered Level 3 of a ziggurat
 55784 | Zig:4    | Entered Level 4 of a ziggurat
 55812 | Zig:4    | Identified the cursed ring "Rirocesa" {*Drain MR+ AC-4
                  | Str+2 Stlth+} (You found it on level 4 of a ziggurat)
 55831 | Zig:5    | Entered Level 5 of a ziggurat
 55837 | Zig:5    | Noticed an orb of fire
 55850 | Zig:5    | Killed an orb of fire
 55856 | Zig:5    | Reached XP level 27. HP: 204/204 MP: 31/38
 55891 | Zig:6    | Entered Level 6 of a ziggurat
 56144 | Zig:6    | Identified Sif Muna's Guide on Creative Conjuration
 56163 | Zig:7    | Entered Level 7 of a ziggurat
 56189 | Zig:7    | Found the +3 giant club "Skullcrusher" {speed, Str+7}
 56311 | Zig:8    | Entered Level 8 of a ziggurat
 56392 | Zig:9    | Entered Level 9 of a ziggurat
 56464 | Zig:10   | Entered Level 10 of a ziggurat
 56707 | Zig:10   | Identified Sif Muna's Guide on Unstable Fire
 56713 | Zig:10   | Acquired 724 gold pieces
 56736 | Zig:11   | Entered Level 11 of a ziggurat
 56743 | Zig:11   | Noticed a royal mummy
 56746 | Zig:12   | Entered Level 12 of a ziggurat
 56888 | Zig:12   | Noticed an ancient lich
 57022 | Zot:1    | Entered Level 1 of the Realm of Zot
 57842 | Zot:1    | Reached skill level 23 in Invocations
 58992 | Zot:2    | Found a transporter.
 59126 | Zot:2    | Found a transporter.
 59130 | Zot:2    | Reached skill level 15 in Shields
 59204 | Zot:2    | Gained mutation: Your magical capacity is low. (-10% MP) [a
                  | cacodemon]
 59250 | Zot:2    | Identified the ring of Wishful Thinking {rC+ MP+9 Dex+3
                  | Slay+2} (You found it on level 2 of the Realm of Zot)
 59277 | Zot:2    | Identified the cursed ring of Moral Flaws {rElec rC+ rN+
                  | Str-4} (You found it on level 2 of the Realm of Zot)
 60124 | Zot:3    | Reached skill level 24 in Invocations
 60405 | Zot:3    | Learned a level 1 spell: Animate Skeleton
 60411 | Zot:3    | Reached skill level 1 in Necromancy
 60908 | Zot:3    | Reached skill level 5 in Spellcasting
 60943 | Zot:3    | Reached skill level 5 in Necromancy
 62128 | Zot:5    | Entered Level 5 of the Realm of Zot
 62138 | Zot:5    | Found a huge runed gate.
 62138 | Zot:5    | Found a huge runed gate.
 62139 | Zot:5    | Found a huge runed gate.
 62140 | Zot:5    | Found a huge runed gate.
 62140 | Zot:5    | Found a huge runed gate.
 62141 | Zot:5    | Found a huge runed gate.
 62152 | Zot:5    | Noticed an orb of fire
 62152 | Zot:5    | Noticed an ancient lich
 62155 | Zot:5    | Gained mutation: Your body sometimes deteriorates upon
                  | taking damage. [an orb of fire]
 62159 | Zot:5    | Killed an orb of fire
 62159 | Zot:5    | Killed an ancient lich
 62900 | Slime:1  | Entered Level 1 of the Pits of Slime
 62906 | Slime:1  | Reached skill level 10 in Necromancy
 63007 | Slime:1  | Reached skill level 10 in Spellcasting
 63410 | Slime:2  | Gained mutation: You are weak. (Str -2) [a shining eye]
 64067 | Slime:4  | Gained mutation: You are very weak. (Str -4) [a shining
                  | eye]
 64445 | Slime:5  | Entered Level 5 of the Pits of Slime
 64479 | Slime:5  | Noticed the Royal Jelly
 64499 | Slime:5  | Killed the Royal Jelly
 64659 | Slime:5  | Gained mutation: Potions are less effective at restoring
                  | your health. [a shining eye]
 64985 | Slime:5  | Got a slimy rune of Zot
 65026 | Slime:5  | Identified the ring of Divine Compulsion {Dex+3 SInv} (You
                  | found it on level 5 of the Pits of Slime)
 65050 | Slime:4  | Gained mutation: You are clumsy. (Dex -2) [a shining eye]
 65754 | Depths:1 | Voluntarily entered the Abyss.
 66182 | Abyss:1  | Paralysed by accursed screaming for 2 turns
 67083 | Abyss:2  | Found a corrupted altar of Lugonu.
 67124 | Abyss:2  | Found a corrupted altar of Lugonu.
 67254 | Abyss:2  | Reached skill level 15 in Necromancy
 67534 | Abyss:3  | Found a sparkling altar of Nemelex Xobeh.
 68313 | Abyss:3  | Gained mutation: You are very clumsy. (Dex -4) [a neqoxec]
 68420 | Abyss:3  | Paralysed by accursed screaming for 1 turns
 68437 | Abyss:3  | Paralysed by accursed screaming for 1 turns
 68483 | Abyss:3  | Got an abyssal rune of Zot
 68657 | Abyss:3  | Gained mutation: Scrolls take you much longer to read. [a
                  | neqoxec]
 68863 | Depths:1 | Escaped the Abyss
 68908 | Depths:1 | Lost mutation: You have a pair of small antennae on your
                  | head. [potion of mutation]
 68908 | Depths:1 | Lost mutation: You are very weak. (Str -4) [potion of
                  | mutation]
 68908 | Depths:1 | Lost mutation: Your body sometimes deteriorates upon taking
                  | damage. [potion of mutation]
 68908 | Depths:1 | Lost mutation: Scrolls take you longer to read. [potion of
                  | mutation]
 68908 | Depths:1 | Lost mutation: You are weak. (Str -2) [potion of mutation]
 68908 | Depths:1 | Lost mutation: Potions are less effective at restoring your
                  | health. [potion of mutation]
 68908 | Depths:1 | Gained mutation: Your spells are a little harder to cast,
                  | but a little more powerful. [potion of mutation]
 69058 | Crypt:1  | Entered Level 1 of the Crypt
 70404 | Crypt:2  | Noticed Mennas
 70422 | Crypt:2  | Killed Mennas
 70852 | Crypt:2  | Noticed Sojobo
 70865 | Crypt:2  | Killed Sojobo
 71483 | Crypt:3  | Entered Level 3 of the Crypt
 71765 | Crypt:3  | Found a basalt altar of Yredelemnul.
 71765 | Crypt:3  | Noticed an ancient lich
 71774 | Crypt:3  | Killed an ancient lich
 72658 | Crypt:3  | Reached skill level 25 in Invocations
 72665 | Crypt:3  | Found a staircase to the Tomb.
 73205 | Hell     | Entered the Vestibule of Hell
 73205 | Hell     | Noticed Geryon
 74639 | Hell     | Killed Geryon
 74863 | Hell     | Found a gateway to the decaying netherworld of Tartarus.
 74964 | Hell     | Found a gateway to the freezing wastes of Cocytus.
 75063 | Hell     | Found a gateway to the ashen valley of Gehenna.
 75160 | Hell     | Found a gateway to the Iron City of Dis.
 75236 | Coc:1    | Entered Level 1 of Cocytus
 75824 | Coc:1    | Learned a level 8 spell: Ignition
 75859 | Coc:1    | Reached skill level 1 in Fire Magic
 76281 | Coc:1    | Reached skill level 5 in Fire Magic
 77560 | Coc:2    | Reached skill level 10 in Fire Magic
 79596 | Coc:3    | Reached skill level 15 in Fire Magic
 81651 | Coc:4    | Learned a level 9 spell: Fire Storm
 81787 | Coc:4    | Reached skill level 1 in Conjurations
 82494 | Coc:4    | Reached skill level 5 in Conjurations
 84495 | Coc:6    | Reached skill level 10 in Conjurations
 86055 | Coc:7    | Entered Level 7 of Cocytus
 86280 | Coc:7    | Reached skill level 15 in Conjurations
 86978 | Coc:7    | Noticed an ancient lich
 86998 | Coc:7    | Killed an ancient lich
 87863 | Coc:7    | Noticed Antaeus
 89079 | Geh:1    | Entered Level 1 of Gehenna
 94441 | Geh:4    | Reached skill level 15 in Spellcasting
 96821 | Geh:4    | Learned a level 6 spell: Freezing Cloud
 96869 | Geh:4    | Reached skill level 1 in Air Magic
 97840 | Geh:5    | Reached skill level 5 in Air Magic
 98175 | Geh:5    | Found an ancient bone altar of Kikubaaqudgha.
 99984 | Geh:6    | Reached skill level 10 in Air Magic
102708 | Geh:7    | Entered Level 7 of Gehenna
102826 | Geh:7    | Reached skill level 26 in Invocations
105279 | Geh:7    | Reached skill level 27 in Invocations
105398 | Geh:7    | Identified the +7 sceptre of Asmodeus
105398 | Geh:7    | Noticed Asmodeus
105433 | Geh:7    | Killed Asmodeus
105527 | Geh:7    | Got an obsidian rune of Zot
105772 | Pan      | Entered the realm of Lom Lobon.
105772 | Pan      | Entered Pandemonium
107056 | Pan      | Noticed Lom Lobon
107081 | Pan      | Got a magical rune of Zot
107546 | Pan      | Noticed Yplifiown the pandemonium lord
107567 | Pan      | Killed Yplifiown the pandemonium lord
108075 | Pan      | Entered the realm of Cerebov.
109028 | Pan      | Identified the +9 dagger "Saiwerph" {antimagic, +Fly rN+}
109147 | Pan      | Identified the +6 sword of Cerebov {flame}
109147 | Pan      | Noticed Cerebov
109633 | Pan      | Learned a level 9 spell: Absolute Zero
110135 | Pan      | Learned a level 1 spell: Apportation
110174 | Pan      | Found an exit through the horrors of the Abyss.
110426 | Pan      | Gained mutation: You are frail. (-10% HP) [a cacodemon]
110466 | Pan      | Upgraded the game from 0.26-a0-958-gf3041fb45f to
                  | 0.26-a0-962-g9b92081034
110560 | Pan      | Noticed Lom Lobon
110591 | Pan      | Noticed Zominev the pandemonium lord
110610 | Pan      | Killed Zominev the pandemonium lord
110989 | Pan      | Acquired 795 gold pieces
111865 | Pan      | Noticed Lom Lobon
112033 | Pan      | Gained mutation: Scrolls take you a little longer to read.
                  | [mutagenic glow]
112267 | Pan      | Entered the realm of Mnoleg.
112419 | Pan      | Gained mutation: You occasionally shout uncontrollably at
                  | your foes. [a neqoxec]
112425 | Pan      | Gained mutation: You tend to lose your temper in combat. [a
                  | cacodemon]
112443 | Pan      | Noticed Lom Lobon
112469 | Pan      | Lost mutation: You are very clumsy. (Dex -4) [a cacodemon]
112484 | Pan      | Entered the realm of Gloorx Vloq.
112924 | Pan      | Gained mutation: You do not regenerate when monsters are
                  | visible. [a neqoxec]
112927 | Pan      | Gained mutation: You are weak. (Str -2) [a neqoxec]
113107 | Pan      | Gained mutation: You are very weak. (Str -4) [a neqoxec]
113140 | Pan      | HP: 1/194 [Hell Sentinel/damnation (30)]
113142 | Pan      | Killed from afar by a Hell Sentinel

Illustrated notes

Levels and vault maps discovered:
D:1:      scummos_arrival_simple_fountains, layout_basic, serial_bayou_pond_e
D:2:      layout_loops_ring, general_overflow_altar,
          chequers_ecumenical_altar_island, uniq_terence, uniq_sigmund
D:3:      layout_loops_corners, bloody_makhleb, nicolae_gozag_zags_fifth_avenue,
          grunt_decor_arrowhead
D:4:      layout_basic, lemuel_altar_in_water
D:5:      layout_basic, portal_sewer_entry_a, minmay_misc_feat_alley
D:6:      gammafunk_cloud_chamber, layout_basic,
          minmay_temple_entry_stoned_glass, uniq_edmund, uniq_eustachio
D:7:      layout_rooms, kennysheep_little_box, nicolae_tso_carved_into_rock,
          minmay_bent
D:8:      kennysheep_big_flooded_room, layout_basic, minmay_lair_entry_grove,
          basic_altar, uniq_joseph
D:9:      layout_cave_pools, nicolae_overflow_crystal_walls, tgw_sif,
          uniq_maggie
D:10:     layout_loops_ring, serial_rivers, chequers_serial_rivers_large_a,
          chequers_serial_rivers_micro_a, chequers_serial_rivers_micro_b,
          chequers_serial_rivers_small_3, skrybe_limestone_x
D:11:     layout_rooms, portal_ice_cave_rime, serial_shops, shop_coins, shop,
          kb_lookout_dungeons_type
D:12:     layout_roguey, david_orc_3, nrook_uturn, nicolae_straight_to_the_point
D:13:     layout_roguey, serial_bayou_lagoon_b
D:14:     layout_loops_ring, david_vaults_3, trove_entry_hex_spiral,
          gauntlet_entry_generic, grunt_decor_junction, uniq_azrael, uniq_nessos
D:15:     gammafunk_depths_entry_grave, layout_loops_cross, st_stairs_10
Temple:   eino_temple_scatter_basement
Lair:1:   layout_gridlike, serial_bayou_shore_b, grunt_megastairs_2, uniq_harold
Lair:2:   layout_roguey, nicolae_spider_entry_orb_guardian,
          chequers_serial_rivers_micro_c, chequers_serial_rivers_marsh
Lair:3:   layout_roguey, lightli_volcano_entry_magma_tube, minivault_29,
          minmay_lair_oklob_chamber, serial_bayou_shore_a
Lair:4:   layout_regular_city, elwin_shoals_entry_rooms, basic_altar
Lair:5:   layout_regular_city, serial_bayou_crossing, lemuel_fruit_fields
Lair:6:   grunt_lair_end_beastmaster, layout_misc_corridors,
          minmay_slime_entry_pillars, serial_bayou, serial_bayou_pond_e,
          serial_bayou_shore_b, serial_bayou_pond_a, serial_bayou_pond_a,
          grunt_megastairs_1, infiniplex_staircase_pool_2, serial_bayou_shore_b
Shoals:1: layout_shoals, serial_shops, shop
Shoals:2: cheibrodos_shoals_oceanic_diplomacy, layout_shoals,
          gammafunk_ghost_berserking_beasts, uniq_ilsuiw
Shoals:3: layout_shoals
Shoals:4: shoals_end_grunt_ice, layout_shoals, shoal_ilsuiw,
          nicolae_shoals_mertower
Spider:1: layout_spider_delve, hive_lemuel, uniq_louise, uniq_rupert
Spider:2: layout_spider_delve
Spider:3: layout_spider_delve, nicolae_spider_webbed_stairs, uniq_arachne
Spider:4: johnstein_spider_rune_arachne_lair, special_room
Slime:1:  layout_caves, special_room [special_room_jelly]
Slime:2:  layout_caves, cheibrodos_slime_lost_civilization_5
Slime:3:  layout_caves, cheibrodos_slime_lost_civilization_6
Slime:4:  layout_caves
Slime:5
Orc:1:    layout_diamond_mine, david_defended_altar_orc
Orc:2:    grunt_orc_gardens, layout_caves, grunt_orc_garden, grunt_orc_garden,
          grunt_orc_garden, grunt_orc_garden
Elf:1:    layout_geoelf_diagonals, minmay_elf_necromancy, uniq_nikola
Elf:2:    layout_geoelf_grid, special_room [special_room_orc], serial_shops,
          shop
Elf:3:    elf_hall, layout_geoelf_octagon, serial_shops,
          nicolae_shop_waterfront, shop, hangedman_elf_simple_split,
          minmay_elf_annihilation
Vaults:1: nicolae_vaults_shelves_hall, v_misc_18,
          vaults_room_hangedman_quadrants, vaults_room_pool,
          nicolae_vaults_rhombus_5, vaults_dpeg_ring,
          ontoclasm_vaults_ring_large, grunt_vaults_swirl, v_misc_19,
          dpeg_vaults_monster_row, layout_vaults_ring, basic_altar,
          serial_shops, nicolae_shop_window_shopping
Vaults:2: hangedman_vaults_corner, nicolae_vaults_statue_guard,
          nicolae_vaults_angled_halls, v_misc_18,
          nicolae_vaults_little_squares_6, v_rooms_1, nicolae_vaults_little_ls,
          vaults_room_door_ring, nicolae_vaults_alarming,
          vaults_standard_mumra_lines, layout_vaults_omnigrid, serial_shops,
          nicolae_shop_stone
Vaults:3: vaults_dpeg_spiral, v_misc_11, vaults_room_pool,
          vaults_room_glass_cross, vaults_room_door_hall,
          vaults_room_semicircle, vaults_mumra_hexcomb,
          minmay_crypt_entry_simple_statues, nicolae_vaults_asterisk,
          ontoclasm_vaults_loading_screen, layout_vaults_big_room
Vaults:4: ontoclasm_vaults_hangar, hangedman_vaults_variations,
          nicolae_vaults_theta, hangedman_vaults_capsules,
          hangedman_vaults_stagger, nicolae_vaults_ninety_degrees, v_misc_33,
          vaults_room_grid, ontoclasm_vaults_claustrophobia, vaults_room_pool,
          grunt_vaults_hallway_long, v_misc_2, layout_vaults_omnibox
Vaults:5: serial_shops
Crypt:1:  layout_regular_city, serial_sigils_hangedman_quiver,
          grunt_crypt_arrival_split, grunt_megastairs_4
Crypt:2:  layout_gridlike, uniq_mennas, uniq_sojobo
Crypt:3:  cryptofortress_bobbens
Depths:1: layout_cave_shapes, minmay_crystal_room, hellmouth_3,
          abyss_entry_small_statue_room, chequers_serial_rivers_small_3,
          kennysheep_generic_room_2
Depths:2: cheibrodos_leafed_vault, layout_basic, minmay_misc_feat_diagonals,
          grunt_pan_entry_in_and_out, hell_entry, chequers_serial_rivers_marsh,
          infiniplex_staircase_trident, uniq_bai_suzhen
Depths:3: minmay_expanding_squares, layout_gridville, enter_ziggurat_d,
          minmay_hedge_maze, serial_shops, shop_statue, pf_hell_entry_great_geh,
          grunt_pan_entry_spiral, hangedman_eye_storm,
          minmay_staircase_windowed_small, minmay_shop_star,
          serial_bayou_shore_b, serial_bayou_shore_b
Depths:4: minmay_tile_spiral, layout_gridlike, serial_shops, bzr_entry_lakeside,
          hell_entry, nicolae_two_hexagons, abyss_entry_flame_altar,
          infiniplex_staircase_pillars_1, minmay_shop_grove
Depths:5: evilmike_zot_entry_hall, layout_basic, pf_coc_iceberg,
          marbit_kobold_abyss_entry, minmay_misc_feat_pillars, uniq_saint_roka
Hell
Geh:1:    layout_gehenna_lava_caves
Geh:2:    layout_gehenna_lava_caves
Geh:3:    layout_gehenna_pools_box
Geh:4:    layout_gehenna_pools_triple
Geh:5:    layout_gehenna_pools_triple, hangedman_gehenna_grave_pits,
          lemuel_hellish_altar
Geh:6:    layout_gehenna_pools_box
Geh:7:    geh_hangedman
Coc:1:    layout_cocytus_water_paths
Coc:2:    layout_cocytus_delve, minmay_fire_ice_demons
Coc:3:    layout_cocytus_water_paths
Coc:4:    layout_ice_bergs
Coc:5:    layout_cocytus_water_paths
Coc:6:    layout_ice_bergs
Coc:7:    coc_grunt_cove [coc_grunt_cove_antaeus, coc_grunt_cove_fiend,
          coc_grunt_cove_fiend, coc_grunt_cove_fiend, coc_grunt_cove_fiend]
Zot:1:    nicolae_moth_party, layout_gridlike
Zot:2:    gammafunk_dig_for_victory, layout_misc_corridors,
          hangedman_elemental_corridor
Zot:3:    minmay_elemental_castle, layout_gridlike
Zot:4:    layout_gridlike, st_small_dragon_hoard_2
Zot:5:    layout_basic, door_vault
Pan:      lom_lobon, layout_basic, nicolae_pan_sigil_eeng,
          nicolae_pan_double_arrow, layout_grid_shapes,
          evilmike_mini_pan_thingy, layout_basic, uniq_lom_lobon,
          grunt_pan_spiral, layout_long_grid, pan_blood_fountain_small,
          uniq_lom_lobon, grunt_pan_frozen_over, layout_long_grid,
          uniq_lom_lobon, cerebov_grunt_fire_and_steel, layout_stronghold,
          pan_blood_fountain, rand_demon_9, layout_chambers, uniq_lom_lobon,
          rand_demon_9, layout_cross, nicolae_pan_mnolegish_2,
          regret_index_pan_draining_boxed, layout_irregular_city,
          nicolae_pan_lom_lobonic_4, evilmike_mini_pan_possible_glass,
          layout_cellular_growth, uniq_lom_lobon, pan_blood_fountain_small,
          nicolae_pan_glass_arcs, layout_onion_city, evilmike_mini_pan_doors,
          layout_basic, pan_blood_fountain_small, uniq_lom_lobon, mnoleg,
          layout_pan_divisions_a [pan_division_quadrant_a6,
          pan_division_quadrant_a3, pan_division_quadrant_a4,
          pan_division_quadrant_a3, pan_division_octagon_rings],
          pan_blood_fountain_small, uniq_lom_lobon, nicolae_pan_mnolegish_1,
          gloorx_vloq_grunt, layout_gridlike, pan_blood_fountain,
          nicolae_pan_sigil_obb, nicolae_pan_cerebovesque_2,
          reaverb_pan_chaos_star, grunt_pan_sceptre, layout_gridlike,
          pan_blood_fountain

Skill      XL: |  1  2  3  4  5  6  7  8  9 10 11 12 13 14 15 16 17 18 19 20 21 22 23 24 25 26 27 |
---------------+----------------------------------------------------------------------------------+-----
Axes           | 3 4 5 6 7 9 10 12 13 14 15 16 17 18 19 20 22 | 22.3
Fighting       | 4 5 6 7 8 10 11 12 13 14 15 16 17 18 19 20 24 | 24.4
Dodging        | 4 5 13 15 19 | 19.2
Stealth        | 2 3 4 7 9 12 14 15 17 21 | 21.0
Shields        | 4 5 6 8 9 10 11 12 13 19 | 19.9
Invocations    | 2 4 6 7 9 11 12 13 15 16 17 18 19 20 21 22 27 | 27.0
Translocations | 6 7 |  7.9
Evocations     | 1 5 14 | 14.5
Throwing       | 3 6 9 14 | 14.9
Spellcasting   | 3 18 | 18.6
Ice Magic      | 6 8 |  8.1
Necromancy     | 15 | 15.9
Fire Magic     | 23 | 23.9
Conjurations   | 23 | 23.9
Air Magic      | 10 | 10.4

Action                   |  1- 3 |  4- 6 |  7- 9 | 10-12 | 13-15 | 16-18 | 19-21 | 22-24 | 25-27 || total
-------------------------+-------+-------+-------+-------+-------+-------+-------+-------+-------++-------
Melee: War axe           |    45 |    84 |   156 |   424 |   775 |   153 |       |       |       ||  1637
       Constrict         |    16 |    17 |    35 |    52 |   128 |   193 |   158 |   186 |  1282 ||  2067
       Tentacles         |     8 |     8 |    42 |   188 |   365 |   383 |   355 |   423 |  4433 ||  6205
       Morningstar       |       |       |       |     6 |    18 |     3 |       |       |       ||    27
       Broad axe         |       |       |       |       |       |   723 |   856 |  1016 |  9923 || 12518
Throw: Dart              |       |       |    19 |    18 |    12 |     4 |       |       |       ||    53
       Javelin           |       |       |       |       |       |    12 |    15 |    74 |   139 ||   240
 Cast: Teleport Other    |       |       |       |       |     1 |     3 |       |       |       ||     4
       Blink             |       |       |       |       |       |     6 |       |     5 |     7 ||    18
       Lesser Beckoning  |       |       |       |       |       |     7 |     6 |    24 |   231 ||   268
       Ozocubu's Armour  |       |       |       |       |       |       |       |     2 |    24 ||    26
       Ignition          |       |       |       |       |       |       |       |       |    15 ||    15
       Freezing Cloud    |       |       |       |       |       |       |       |       |    14 ||    14
       Fire Storm        |       |       |       |       |       |       |       |       |     8 ||     8
Invok: Bend Time         |       |       |       |     3 |     1 |       |       |       |       ||     4
       Slouch            |       |       |       |       |     6 |     4 |     1 |     4 |    23 ||    38
       Step From Time    |       |       |       |       |       |       |       |       |     9 ||     9
Evoke: Wand              |       |       |       |    12 |     3 |    10 |       |     1 |    20 ||    46
       Condenser vane    |       |       |       |       |       |       |     1 |       |       ||     1
       Phantom mirror    |       |       |       |       |       |       |       |       |     1 ||     1
  Use: Scroll            |     7 |     2 |    12 |    10 |    11 |    11 |     6 |    12 |    71 ||   142
       Potion            |     3 |       |     6 |     1 |     3 |     3 |     3 |     5 |    50 ||    74
 Stab: Sleeping          |     7 |    15 |    14 |    28 |    29 |    26 |    39 |    17 |   154 ||   329
       Distracted        |       |     1 |       |     1 |     7 |     5 |     4 |    10 |    77 ||   105
       Petrified         |       |       |       |       |     4 |       |       |       |       ||     4
       Confused          |       |       |       |       |       |       |       |       |     4 ||     4
       Invisible         |       |       |       |       |       |       |       |       |     2 ||     2
Armor: Skin              |     1 |     1 |     1 |     3 |    34 |    92 |    52 |   120 |   576 ||   880
Dodge: Dodged            |    14 |    38 |   113 |   216 |   473 |   928 |   520 |   809 |  5418 ||  8529
Block: Kite shield       |    16 |    30 |    88 |   319 |   790 |  1229 |   908 |  1305 | 10002 || 14687
       Reflection        |       |       |       |     1 |    43 |   117 |    97 |    50 |   172 ||   480

Table legend: (Time is in decaauts)
 A = Elapsed time spent in this place.
 B = Non-inter-level travel time spent in this place.
 C = Inter-level travel time spent in this place.
 D = Time resting spent in this place.
 E = Time spent auto-exploring this place.
 F = Levels seen in this place.
 G = Mean time per level.
                   A        B        C        D        E       F      G
               +--------+--------+--------+--------+--------+-----+--------+
         Total | 160690 | 149937 |  10753 |  19713 |  90739 | 106 | 1515.9 |
       Dungeon |  22295 |  19856 |   2439 |   3289 |  12661 |  15 | 1486.3 |
        Temple |    206 |    183 |     23 |      0 |    174 |   1 |  206.0 |
          Lair |  11170 |   9669 |   1501 |    741 |   7535 |   6 | 1861.7 |
        Shoals |   7982 |   7607 |    375 |    579 |   5166 |   4 | 1995.5 |
   Spider Nest |   6158 |   5732 |    426 |    394 |   4057 |   4 | 1539.5 |
    Slime Pits |   4096 |   3855 |    241 |    435 |   2128 |   5 |  819.2 |
  Orcish Mines |   3014 |   2502 |    512 |     12 |   1847 |   2 | 1507.0 |
   Elven Halls |   6339 |   5859 |    480 |    739 |   3877 |   3 | 2113.0 |
        Vaults |  15687 |  13827 |   1860 |   2046 |   8444 |   5 | 3137.4 |
         Crypt |   5884 |   5523 |    361 |    570 |   4014 |   3 | 1961.3 |
        Depths |  12722 |  11631 |   1091 |   2819 |   6477 |   5 | 2544.4 |
          Hell |   1463 |   1443 |     20 |    299 |    600 |   1 | 1463.0 |
       Gehenna |  20568 |  19988 |    580 |   1771 |  12359 |   7 | 2938.3 |
       Cocytus |  18024 |  17613 |    411 |   1916 |   9580 |   7 | 2574.9 |
           Zot |   8312 |   7886 |    426 |    921 |   5311 |   5 | 1662.4 |
         Abyss |   4522 |   4522 |      0 |    151 |   2497 |   3 | 1507.3 |
   Pandemonium |   9877 |   9877 |      0 |   2316 |   3467 |  15 |  658.5 |
      Ziggurat |   1466 |   1466 |      0 |    584 |      0 |  12 |  122.2 |
        Bazaar |    220 |    220 |      0 |      0 |    128 |   1 |  220.0 |
         Trove |    192 |    192 |      0 |      0 |    148 |   1 |  192.0 |
         Sewer |    485 |    485 |      0 |    127 |    267 |   1 |  485.0 |
               +--------+--------+--------+--------+--------+-----+--------+

Top non-repeatable levels by time:
   Geh:4: 4414 daAuts
Vaults:4: 4013 daAuts
   Coc:7: 3755 daAuts
   Geh:7: 3547 daAuts
Vaults:5: 3433 daAuts
   Coc:4: 3401 daAuts
   Geh:3: 3357 daAuts
   Geh:6: 3276 daAuts
Depths:2: 3266 daAuts
Vaults:2: 3088 daAuts
    D:14: 2947 daAuts
Depths:4: 2932 daAuts
   Geh:5: 2899 daAuts
   Elf:3: 2749 daAuts
Vaults:1: 2742 daAuts
